 Dungeon Crawl Stone Soup version 0.30-a0-414-gcb316572d5 (webtiles) character file.

Game seed: 7162498941125249247

20 cforsyth the Chopper (level 2, -1/27 HPs)
             Began as a Hill Orc Monk on Dec 7, 2022.
             Succumbed to a kobold's poison
             ... on level 2 of the Dungeon.
             The game lasted 00:01:23 (577 turns).

cforsyth the Chopper (Hill Orc Monk)                 Turns: 577, Time: 00:01:24

Health: -1/27      AC:  5    Str: 13    XL:     2   Next: 79%
Magic:  2/2        EV: 11    Int: 10    God:
Gold:   32         SH:  0    Dex: 13    Spells: 1/1 levels left

rFire   . . .      SeeInvis .    a - +0 hand axe
rCold   . . .      Faith    .    (no shield)
rNeg    . . .      Spirit   .    f - +0 ring mail
rPois   .          Reflect  .    (no helmet)
rElec   .          Harm     .    (no cloak)
rCorr   .          Rampage  .    (no gloves)
Will    .....                    (no boots)
Stlth   +.........               (no amulet)
HPRegen 0.24/turn                (no ring)
MPRegen 0.08/turn                (no ring)

@: lethally poisoned (-1 -> -14)
A: no striking features
a: no special abilities


You were on level 2 of the Dungeon.
You visited 1 branch of the dungeon, and saw 2 of its levels.

You collected 32 gold pieces.

Inventory:

Hand Weapons
 a - a +0 hand axe (weapon)
Armour
 f - a +0 ring mail (worn)
Scrolls
 b - a scroll of torment {unknown}
 d - 2 scrolls of poison {unknown}
 e - a scroll of enchant weapon {unknown}
Potions
 c - 2 potions of ambrosia
 g - 2 potions of magic {unknown}


   Skills:
 + Level 3.9 Fighting
 + Level 4.3 Axes
 + Level 2.6 Dodging
 + Level 2.0 Stealth


You had one spell level left.
You didn't know any spells.
Your spell library contained the following spells:

 Spells                   Type           Power      Damage    Failure   Level
 Inner Flame              Hex/Fire       0%         N/A       94%         3
 Cause Fear               Hex            0%         N/A       100%        4
 Discord                  Hex            0%         N/A       100%        8


Dungeon Overview and Level Annotations

Branches:
Dungeon (2/15)

Altars:


Message History

You are more poisoned.
You hit the kobold but do no damage.
You feel very sick. The kobold hits you but does no damage.
You hit the kobold.
The kobold is moderately wounded.
You feel sick. The kobold closely misses you.
You hit the kobold but do no damage.
The kobold is moderately wounded.
You feel sick.
The kobold hits you with a +1 dagger of venom.
The kobold hits you but does no damage.
You are lethally poisoned!
You are too injured to fight recklessly!
You are too injured to fight recklessly!
You are too injured to fight recklessly!
You are too injured to fight recklessly!
You are too injured to fight recklessly!
You are too injured to fight recklessly!
You are too injured to fight recklessly!
You are too injured to fight recklessly!
You are too injured to fight recklessly!
You closely miss the kobold.
The kobold is moderately wounded.
You feel very sick. The kobold closely misses you.
You barely miss the kobold.
The kobold is moderately wounded.
* * * LOW HITPOINT WARNING * * *
You feel very sick. The kobold hits you but does no damage.
You are more poisoned.
You hit the kobold but do no damage.
The kobold is moderately wounded.
* * * LOW HITPOINT WARNING * * *
You feel very sick. The kobold barely misses you.
You closely miss the kobold.
The kobold is moderately wounded.
You die...

#....######## #
#......)....# .#
#....######.##..#
#...###.........# #...#
#.###.###.# ######...#
#># .....[...# ##.##
####..†..###.##...##.###
#....<........@......#
#......###.....K.....#
#......# ###.#.#......
#.<..#.# #....#.....#
#..###># #.###$#.....#
#... ..... #.###.###
##.## #.## #.# .# #.# .#
..# # #.#


You could see a kobold.

Vanquished Creatures
  3 dart slugs
  A bat (D:2)
  An endoplasm (D:1)
  A goblin (D:1)
  2 hobgoblins (D:1)
  A ball python (D:1)
  A frilled lizard (D:1)
  2 kobolds
  2 rats (D:1)
14 creatures vanquished.

Vanquished Creatures (others)
  2 fungi (D:1)
  A plant (D:1)
3 creatures vanquished.

Grand Total: 17 creatures vanquished

Notes
Turn   | Place    | Note
-------+----------+-------------------------------------------
     0 | D:1      | cforsyth the Hill Orc Monk began the quest for the Orb.
     0 | D:1      | Reached XP level 1. HP: 19/19 MP: 1/1
   271 | D:1      | Reached XP level 2. HP: 27/27 MP: 2/2
   430 | D:1      | Found a faded altar of an unknown god.
   577 | D:2      | Succumbed to a kobold's poison

Illustrated notes

Levels and vault maps discovered:
D:1:      mrwooster_arrival_statue_2, layout_basic,
          dreamdust_ecumenical_altar_grove
D:2:      layout_loops_ring, serial_aquarium, aquarium_bridge_long_separate
          [aquarium_subvault_bridge, aquarium_subvault_wall,
          aquarium_subvault_window, aquarium_subvault_bridge,
          aquarium_subvault_bridge, aquarium_subvault_balcony],
          aquarium_window_1, aquarium_window_corner, aquarium_view_2d,
          aquarium_view_2a, aquarium_balcony_3a, serial_shops,
          nicolae_lakefront_shop

Skill      XL: |  1  2 |
---------------+-------+-----
Stealth        | 2 |  2.0
Fighting       | |  3.9
Axes           | |  4.3
Dodging        | |  2.6

Action                   || total
-------------------------++-------
Melee: Hand axe          ||    51
 Stab: Sleeping          ||     1
Armor: Robe              ||     2
       Ring mail         ||     6
Dodge: Dodged            ||    31

Table legend: (Time is in decaauts)
 A = Elapsed time spent in this place.
 B = Non-inter-level travel time spent in this place.
 C = Inter-level travel time spent in this place.
 D = Time resting spent in this place.
 E = Time spent auto-exploring this place.
 F = Levels seen in this place.
 G = Mean time per level.
                   A        B        C        D        E       F      G
               +--------+--------+--------+--------+--------+-----+--------+
         Total |    581 |    571 |     10 |     10 |    387 |   2 |  290.5 |
       Dungeon |    581 |    571 |     10 |     10 |    387 |   2 |  290.5 |
               +--------+--------+--------+--------+--------+-----+--------+

Top non-repeatable levels by time:
     D:1: 516 daAuts
     D:2: 65 daAuts
